 Dungeon Crawl Stone Soup version 0.27-a0-1579-g97d2440184 (webtiles) character file.

Game seed: 5257237398886974951

1004 Sin92 the Chopper (level 8, 0/61 HPs)
             Began as a Demonspawn Fighter on July 18, 2021.
             Killed by divine providence
             ... invoked by an orc priest
              (17 damage)
             ... on level 5 of the Dungeon.
             The game lasted 00:03:54 (4925 turns).

Sin92 the Chopper (Demonspawn Fighter)              Turns: 4925, Time: 00:03:55

Health: 0/61       AC: 15    Str: 19    XL:     8   Next: 0%
Magic:  8/8        EV:  6    Int:  9    God:
Gold:   222        SH:  9    Dex: 13    Spells: 7/7 levels left

rFire    . . .     SeeInvis .   k - +3 war axe (drain)
rCold    . . .     Faith    .   c - +0 kite shield
rNeg     . . .     Spirit   .   e - +0 chain mail
rPois    .         Reflect  .   l - +1 hat
rElec    .         Harm     .   (no cloak)
rCorr    .         Rampage  .   (no gloves)
Will     .....                  (no boots)
Stlth    ..........             (no amulet)
HPRegen  0.20/turn              g - +4 ring of protection
MPRegen  0.11/turn              (no ring)

@: no status effects
A: claws 2, powered by death 1, spiny 2, sharp scales 1
a: no special abilities


You were on level 5 of the Dungeon.
You visited 1 branch of the dungeon, and saw 5 of its levels.

You collected 222 gold pieces.

Inventory:

Hand Weapons
 a - a +0 war axe
 k - a +3 war axe of draining (weapon)
Missiles
 n - 3 boomerangs of dispersal (quivered)
Armour
 b - a +0 scale mail
 c - a +0 kite shield (worn)
 e - a +0 chain mail (worn)
 l - a +1 hat (worn)
Jewellery
 g - a +4 ring of protection (left claw)
 q - a +4 ring of protection
 r - a ring of ice
Scrolls
 f - 3 scrolls of blinking
 o - a scroll of identify
 p - a scroll of magic mapping
Potions
 d - a potion of might
 h - 2 potions of flight {unknown}
 i - 3 potions of lignification
 j - a potion of ambrosia
 m - a potion of degeneration {unknown}


   Skills:
 + Level 4.7 Fighting
 * Level 5.2 Axes
 + Level 4.2 Armour
 + Level 3.1 Dodging
 + Level 4.3 Shields


You had 7 spell levels left.
You didn't know any spells.
Your spell library was empty.

Dungeon Overview and Level Annotations

Branches:
Dungeon (5/15)
 Temple: D:4-7

Altars:
Fedhas


Innate Abilities, Weirdness & Mutations

You have very sharp fingernails.
You regenerate a little health from kills.
You are mostly covered in sharp spines.
You are partially covered in razor-sharp scales. (AC +1, Slay +1)


Message History

Unknown command.
Unknown command.
You barely miss the orc priest.
The orc priest is lightly wounded.
The orc priest hits you but does no damage.
The orc priest calls upon Beogh to heal the orc priest.
The orc priest's wounds heal themselves!
The orc priest barely misses you.
The orc priest looks braver for a moment.
Your chain mail prevents you from hitting the orc priest.
The orc priest mumbles some strange prayers to Beogh against you.
Beogh smites you!
Unknown command.
You hit the orc priest. You drain the orc priest.
The orc priest is heavily wounded.
The orc priest hits you but does no damage.
The orc priest is struck by your spines.
The orc priest closely misses you.
Unknown command.
You hit the orc priest.
The orc priest is severely wounded.
The orc priest miscasts a cantrip.
The orc priest mumbles some strange prayers to Beogh against you.
Beogh smites you!
* * * LOW HITPOINT WARNING * * *
Unknown command.
You are too injured to fight recklessly!
Unknown command.
You are too injured to fight recklessly!
You hit the orc priest but do no damage.
You drain the orc priest.
The orc priest is almost dead.
You block the orc priest's attack. The orc priest hits you with a +0 whip.
* * * LOW HITPOINT WARNING * * *
Unknown command.
You closely miss the orc priest.
The orc priest is almost dead.
The orc priest mumbles some strange prayers to Beogh against you.
Beogh smites you!
You die...

#######.#### #.# #.# ...........#
#)# #.# #######.##.# #.# # #.#
........##.# #.# .# #.#
###.###..#.# #.# ..#...#.#.#
.##.# #..#.####.# ...#...#.#.#
.##.# #.....>...# ....#...#.#.#
.##.# #....#######.....#...#.#.#
.##.# #.#.......@oo....#...#.#.#
.##.###.#..#######o$...#...#.#.#
.##........# ....#...#.#.#
.######.#..# ####.....#.# .#
#....# #...###.# .########..##
######...# #.#
............#######<.......###.##
.................................
..........#..###.###########.#.##


You could see 2 orc priests and an orc.

Vanquished Creatures
  An ogre (D:4)
  A necrophage (D:5)
  A black bear (D:5)
  A scorpion (D:5)
  4 wights (D:5)
  2 hounds
  A jelly (D:5)
  A gnoll shaman (D:4)
  2 orc priests (D:3)
  2 iguanas (D:4)
  An orc wizard (D:5)
  2 hound skeletons (D:5)
  4 gnolls (D:4)
  9 adders
  An adder skeleton (D:4)
  A worm (D:4)
  4 dart slugs
  12 orcs
  8 endoplasms
  6 goblins
  11 hobgoblins
  A jackal (D:1)
  14 kobolds
  5 quokkas
  5 ball pythons
  7 bats
  8 frilled lizards
  5 rats
120 creatures vanquished.

Vanquished Creatures (others)
  3 plants (D:1)
3 creatures vanquished.

Grand Total: 123 creatures vanquished

Notes
Turn   | Place    | Note
-------+----------+-------------------------------------------
     0 | D:1      | Sin92 the Demonspawn Fighter began the quest for the Orb.
     0 | D:1      | Reached XP level 1. HP: 18/18 MP: 1/1
   499 | D:1      | Reached skill level 2 in Axes
   658 | D:1      | Gained mutation: You have sharp fingernails. [demonic
                  | ancestry]
   658 | D:1      | Reached XP level 2. HP: 24/24 MP: 2/2
  1420 | D:1      | Gained mutation: You are partially covered in sharp spines.
                  | [demonic ancestry]
  1420 | D:1      | Reached XP level 3. HP: 29/29 MP: 3/3
  1734 | D:2      | Reached skill level 1 in Dodging
  2145 | D:2      | Gained mutation: You have very sharp fingernails. [demonic
                  | ancestry]
  2145 | D:2      | Reached XP level 4. HP: 34/35 MP: 4/4
  2644 | D:3      | Reached skill level 3 in Axes
  2891 | D:3      | Gained mutation: You are mostly covered in sharp spines.
                  | [demonic ancestry]
  2891 | D:3      | Reached XP level 5. HP: 41/41 MP: 5/5
  3488 | D:4      | Gained mutation: You are partially covered in razor-sharp
                  | scales. (AC +1, Slay +1) [demonic ancestry]
  3488 | D:4      | Reached XP level 6. HP: 45/48 MP: 6/6
  3963 | D:4      | Reached skill level 4 in Axes
  4102 | D:4      | Found a blossoming altar of Fedhas.
  4157 | D:5      | Entered Level 5 of the Dungeon
  4194 | D:5      | Gained mutation: You regenerate a little health from kills.
                  | [demonic ancestry]
  4194 | D:5      | Reached XP level 7. HP: 54/54 MP: 7/7
  4406 | D:5      | Reached skill level 5 in Axes
  4871 | D:5      | Reached XP level 8. HP: 60/61 MP: 8/8
  4925 | D:5      | Killed from afar by an orc priest

Illustrated notes

Levels and vault maps discovered:
D:1:      dpeg_arrival_brainrot, layout_basic, hangedman_decor_push,
          lexackson_kobold_supper
D:2:      layout_loops_ring
D:3:      layout_basic
D:4:      layout_cave_pools, mainiacjoe_overflow_surrounded_room
D:5:      layout_basic, uniq_prince_ribbit1

Skill      XL: |  1  2  3  4  5  6  7 |
---------------+----------------------+-----
Axes           | 2 3 4 5 |  5.2
Shields        | 3 4 |  4.3
Armour         | 3 4 |  4.2
Dodging        | 1 2 3 |  3.1
Fighting       | 4 |  4.7

Action                   |  1- 3 |  4- 6 |  7- 9 || total
-------------------------+-------+-------+-------++-------
Melee: War axe           |   136 |   101 |    53 ||   290
  Use: Scroll            |     4 |     4 |       ||     8
Armor: Scale mail        |    44 |       |       ||    44
       Chain mail        |    22 |    47 |    33 ||   102
Dodge: Dodged            |    45 |    20 |    11 ||    76
Block: Kite shield       |    91 |    63 |    28 ||   182

Table legend: (Time is in decaauts)
 A = Elapsed time spent in this place.
 B = Non-inter-level travel time spent in this place.
 C = Inter-level travel time spent in this place.
 D = Time resting spent in this place.
 E = Time spent auto-exploring this place.
 F = Levels seen in this place.
 G = Mean time per level.
                   A        B        C        D        E       F      G
               +--------+--------+--------+--------+--------+-----+--------+
         Total |   5091 |   4984 |    107 |    708 |   3432 |   5 | 1018.2 |
       Dungeon |   5091 |   4984 |    107 |    708 |   3432 |   5 | 1018.2 |
               +--------+--------+--------+--------+--------+-----+--------+

Top non-repeatable levels by time:
     D:1: 1645 daAuts
     D:3: 922 daAuts
     D:4: 868 daAuts
     D:2: 861 daAuts
     D:5: 793 daAuts
